 Dungeon Crawl Stone Soup version 0.17-a0-1430-g49fde19 (webtiles) character file.

148 emikaela the Conjurer (level 4, -5/33 HPs)
             Began as a Demigod Conjurer on June 25, 2015.
             Killed from afar by Sigmund (9 damage)
             ... with a puff of flame
             ... on level 2 of the Dungeon.
             The game lasted 00:10:19 (2071 turns).

emikaela the Conjurer (Demigod Conjurer)            Turns: 2071, Time: 00:10:19

Health: -5/33      AC:  2    Str: 11    XL:     4   Next: 82%
Magic:  0/10       EV: 12    Int: 21    God:
Gold:   54         SH:  0    Dex: 16    Spells: 3 memorised, 2 levels left

rFire  . . .     SeeInvis .     h - +2 short sword (drain)
rCold  . . .     Clarity  .     a - +0 robe
rNeg   . . .     SustAt   +     (no shield)
rPois  +         Gourm    .     (no helmet)
rElec  .         Spirit   .     (no cloak)
rCorr  .         Warding  .     (no gloves)
rMut   .         Stasis   .     (no boots)
MR     .....                    (no amulet)
Stlth  +.........               (no ring)
                                o - ring of poison resistance

@: confused, not resistant to hostile enchantments, very unstealthy
A: high mp 1, sustain attributes
a: no special abilities


You were on level 2 of the Dungeon.
You were not hungry.

You visited 1 branch of the dungeon, and saw 2 of its levels.

You collected 54 gold pieces.

Inventory:

Hand weapons
 h - a +2 short sword of draining (weapon)
 r - a +0 hunting sling
Missiles
 f - 104 stones (quivered)
 k - 19 bolts
 n - 15 arrows
Armour
 a - a +0 robe (worn)
Magical staves
 p - an uncursed staff of wizardry
Jewellery
 o - a ring of poison resistance (left hand)
Scrolls
 d - 3 scrolls of remove curse {unknown}
 e - a scroll of identify {unknown}
 g - a scroll of random uselessness {unknown}
 i - a scroll of recharging {unknown}
 j - a scroll of enchant weapon {unknown}
Potions
 m - a potion of heal wounds {unknown}
Books
 b - a book of Conjurations
Comestibles
 c - a bread ration
 l - a slice of pizza
 q - 3 chunks of flesh
 t - a meat ration


   Skills:
 - Level 1.7 Dodging
 - Level 1.7 Stealth
 + Level 2.7 Spellcasting
 + Level 5.1 Conjurations
 - Level 1.0 Hexes


You had 2 spell levels left.
You knew the following spells:

 Your Spells              Type           Power        Failure   Level  Hunger
a - Magic Dart            Conj           ###.         1%          1    None
b - Searing Ray           Conj           ###...       2%          2    ##.....
c - Dazzling Spray        Conj/Hex       ###.....     14%         3    ###....


Dungeon Overview and Level Annotations

Branches:
Dungeon (2/15)

Annotations:
D:2 Sigmund


Innate Abilities, Weirdness & Mutations

You have an increased reservoir of magic (+10% MP).
Your attributes are resistant to harm.


Message History

Press: ? - help, Shift-Dir - straight line Something hits you!
Some of the chunks of flesh in your inventory have rotted away.
* * * LOW MAGIC WARNING * * *
Something hits you!
* * * LOW HITPOINT WARNING * * *
* * * LOW MAGIC WARNING * * *
Something hits you but does no damage.
Casting: Searing Ray
Confirm with . or Enter, or press ? or * to list all spells.
Aiming: Magic Dart
Press: ? - help, Shift-Dir - straight line
* * * LOW MAGIC WARNING * * *
A puff of flame appears from out of thin air!
The puff of flame misses you.
You hear a zap.
You are confused.
A puff of flame appears from out of thin air!
The puff of flame hits you!
You die...

.............#
#...............#
#..#######.####.# #..#
#8....##.#
#..#####.#..##..##
#..##.#..).##....#
#..#....8..###...#
#######..###.#.).#.#...#
..........##.#..@.##...#
#######..#.##.##...##..#
## #...##).#.###..#..#
.#####...##########.#..#
.....)....%.....)......#
#..###รท.........#####{.#
#..##............####.##
....#.................#
.................###..#


There were no monsters in sight!

Vanquished Creatures
  Ijyb (D:2)
  6 adders
  A worm (D:2)
  A giant gecko (D:1)
  3 orcs (D:2)
  2 ball pythons (D:2)
  4 giant cockroaches
  9 goblins
  7 hobgoblins
  5 jackals (D:1)
  3 kobolds
  2 quokkas (D:2)
  4 bats (D:1)
  A giant newt (D:2)
  6 rats
55 creatures vanquished.

Notes
Turn   | Place    | Note
--------------------------------------------------------------
     0 | D:1      | emikaela the Demigod Conjurer began the quest for the Orb.
     0 | D:1      | Reached XP level 1. HP: 14/14 MP: 5/5
   321 | D:1      | Reached skill level 4 in Conjurations
   477 | D:1      | Reached XP level 2. HP: 20/20 MP: 4/7
   511 | D:1      | Learned a level 2 spell: Searing Ray
   778 | D:1      | Found a sparkling altar of Nemelex Xobeh.
   843 | D:1      | Reached XP level 3. HP: 26/26 MP: 4/8
  1028 | D:2      | Noticed Ijyb
  1118 | D:2      | Killed Ijyb
  1278 | D:2      | Noticed Sigmund
  1312 | D:2      | Learned a level 3 spell: Dazzling Spray
  1314 | D:2      | Reached XP level 4. HP: 33/33 MP: 3/10
  1593 | D:2      | Reached skill level 5 in Conjurations
  1736 | D:2      | Reached skill level 1 in Hexes
  2071 | D:2      | Killed from afar by Sigmund

Vault maps used:
D:1:      matt_arrival_los_fun, hangedman_decor_peaks_small,
          nemelex_xobeh_ov_fountains_minmay
D:2:      lightli_temple_of_fire, guppyfry_early_orc_mine, uniq_sigmund,
          uniq_iyjb

Action                   |  1- 3 |  4- 6 || total
-------------------------+-------+-------++-------
Melee: Unarmed           |     4 |       ||     4
       Short sword       |     3 |     5 ||     8
 Cast: Magic Dart        |    64 |    33 ||    97
       Searing Ray       |     2 |    10 ||    12
  Use: Potion            |       |     1 ||     1
 Stab: Sleeping          |       |     1 ||     1
  Eat: Chunk             |     2 |     3 ||     5
